 Dungeon Sprint DCSS version 0.31-a0-95-g6fa058ef04 (webtiles) character file.

Game seed: 293145565583420433

52 fozzywoppz the Sneak (level 3, -3/16 HPs)
             Began as a Spriggan Enchanter on May 25, 2023.
             Slain by a water elemental (19 damage)
             ... in the Dungeon (Sprint III: "The Ten Rune Challenge").
             The game lasted 00:01:46 (203 turns).

fozzywoppz the Sneak (Spriggan Enchanter)            Turns: 203, Time: 00:01:46

Health: -3/16      AC:  2    Str:  4    XL:     3   Next: 60%
Magic:  9/9        EV: 20    Int: 16    God:
Gold:   31         SH:  0    Dex: 17    Spells: 2/10 levels left

rFire   . . .        a - +1 dagger
rCold   . . .        (no shield)
rNeg    . . .        b - +0 robe
rPois   .            (helmet restricted)
rElec   .            (no cloak)
rCorr   .            (gloves unavailable)
SInv    +            (boots unavailable)
Will    .....        (no amulet)
Stlth   ++++         (no ring)
HPRegen 0.22/turn    (no ring)
MPRegen 0.11/turn

%: no teleportation
@: very quick
A: very small, no large weapons, unfitting armour, see invisible, speed 3
a: no special abilities


You were in the Dungeon.
You visited 1 branch You collected 31 gold pieces.

Inventory:

Hand Weapons
 a - a +1 dagger (weapon)
Armour
 b - a +0 robe (worn)
Scrolls
 i - a scroll of blinking
 j - 3 scrolls of identify
 l - 2 scrolls of poison {unknown}
 m - a scroll of acquirement {unknown}
Potions
 c - 2 potions of invisibility
 d - a potion of curing
 e - 2 potions of heal wounds
 f - 3 potions of haste
 g - 2 potions of magic
 h - a potion of berserk rage
 k - 3 potions of mutation {unknown}


   Skills:
 - Level 1.1 Short Blades
 + Level 6.4 Dodging
 + Level 7.8 Stealth
 - Level 4.0 Spellcasting
 - Level 5.0 Hexes


You had 2 spell levels left.
You knew the following spells:

 Your Spells              Type           Power      Damage    Failure   Level
a - Ensorcelled Hibernat  Hex/Ice        18%        N/A       11%         2
b - Confusing Touch       Hex            19%        N/A       6%          3
c - Tukima's Dance        Hex            19%        N/A       6%          3

Your spell library contained the following spells:

 Spells                   Type           Power      Damage    Failure   Level
 Dazzling Flash           Conj/Hex       18%        N/A       22%         3


Dungeon Overview and Level Annotations

Branches:
Dungeon (1/1)

Altars:


Innate Abilities, Weirdness & Mutations

You are very small and have problems with some larger weapons.
You are too small for most types of armour.
You have supernaturally acute eyesight. (SInv)
You cover ground extremely quickly. (Speed+++)


Message History

Press: ? - help, Shift-Dir - straight line, f/p - human
Aim: a human (almost dead, chance to affect: 43%)
The human resists with some effort.
The human closely misses you.
Casting: Ensorcelled Hibernation (safe; 11% risk of failure)
Confirm with . or Enter, or press ? or * to list all spells.
Aiming: Ensorcelled Hibernation (safe; 11% risk of failure)
Press: ? - help, Shift-Dir - straight line, f/p - human
Aim: a human (almost dead, chance to affect: 43%)
The human looks drowsy...
The helpless human fails to defend itself.
You impale the human!!
You kill the human!
Your Dodging skill increases to level 6!
Your Stealth skill increases to level 7!
You see here a human corpse.
Unknown command.
You open the door.
Found 17 gold pieces and 2 bubbling inky potions.
There is an open door here.
You now have 22 gold pieces (gained 8).
You now have 31 gold pieces (gained 9).
k - a bubbling inky potion;
l - a scroll labelled PYUT RIFFOYPN
j - 3 scrolls of identify (gained 2);
k - 2 bubbling inky potions (gained 1)
e - 2 potions of heal wounds (gained 1)
k - 3 bubbling inky potions (gained 1)
l - 2 scrolls labelled PYUT RIFFOYPN (gained 1)
m - a scroll labelled XABLUC CUECOQA;
f - 2 potions of haste (gained 1)
f - 3 potions of haste (gained 1)
Okay, then.
You start resting.
HP restored.
There is an open door here.
You start resting.
Magic restored.
As you open the door, it creaks loudly!
A water elemental comes into view.
The water elemental moves out of view.
The water elemental hits you!!
Ouch! That really hurt!
You die...

▓▓▓▓▓▓▓ ▓▓▓ ..#...####
##.# ..#......#####..#
.##.......#..#..#
#.##.##..)#..#..###+#+##
#.##.###..##'#..#.......
.####.##..###...@.⌠.....
###..##..####...#E..####
.....##..###†...#.⌠.#
##..##†..##.....#...#
#..##....#......#+###
..###..##.#.....# ..#
#..#####....# ▓▓▓ ▓▓▓▓
▓▓▓▓▓▓


You could see a water elemental.

Vanquished Creatures
  Jessica (D)
  A human (D)
  A phantom (D)
  2 endoplasms (D)
  A rat (D)
6 creatures vanquished.

Notes
Turn   | Place    | Note
-------+----------+-------------------------------------------
     0 | D        | fozzywoppz the Spriggan Enchanter began the quest for the
                  | Orb.
     0 | D        | Reached XP level 1. HP: 9/9 MP: 5/5
    24 | D        | Noticed Jessica
    28 | D        | Killed Jessica
    29 | D        | Reached skill level 5 in Dodging
    29 | D        | Reached skill level 6 in Stealth
    29 | D        | Reached skill level 5 in Hexes
    29 | D        | Reached XP level 2. HP: 13/13 MP: 6/8
    29 | D        | Reached XP level 3. HP: 16/16 MP: 6/9
    68 | D        | Learned a level 2 spell: Ensorcelled Hibernation
    72 | D        | Learned a level 3 spell: Confusing Touch
    76 | D        | Learned a level 3 spell: Tukima's Dance
   108 | D        | Reached skill level 7 in Stealth
   202 | D        | Noticed a water elemental
   203 | D        | Slain by a water elemental

Illustrated notes

Levels and vault maps discovered:
D:        dungeon_sprint_mu [sprint_mu_entry_cave, sprint_mu_temple_rooms,
          sprint_mu_d1_horrors, sprint_mu_d2_genie, sprint_mu_d3_branching,
          sprint_mu_orc_legion, sprint_mu_elf_gauntlet, sprint_mu_hive_nellie,
          sprint_mu_lair_fedhas, sprint_mu_vaults_butterflies,
          sprint_mu_slime_circle, sprint_mu_swamp_cave, sprint_mu_shoals_kraken,
          sprint_mu_blade_basic, sprint_mu_crypt_fortress,
          sprint_mu_tomb_spiral, sprint_mu_vestibule_basic,
          sprint_mu_gehenna_hellfire, sprint_mu_dis_giant,
          sprint_mu_tartarus_statrot, sprint_mu_cocytus_islands, sprint_mu_zot1]

Skill      XL: |  1  2  3 |
---------------+----------+-----
Dodging        | 5 6 |  6.4
Spellcasting   | 4 |  4.0
Hexes          | 5 |  5.0
Stealth        | 6 7 |  7.8
Short Blades   | |  1.1

Action                     || total
---------------------------++-------
  Melee: Dagger            ||    21
   Cast: Ensorcelled Hiber ||     4
         Confusing Touch   ||     1
   Stab: Sleeping          ||     5
         Confused          ||     1
  Dodge: Dodged            ||     8

Table legend: (Time is in decaauts)
 A = Elapsed time spent in this place.
 B = Non-inter-level travel time spent in this place.
 C = Inter-level travel time spent in this place.
 D = Time resting spent in this place.
 E = Time spent auto-exploring this place.
 F = Levels seen in this place.
 G = Mean time per level.
                   A        B        C        D        E       F      G
               +--------+--------+--------+--------+--------+-----+--------+
         Total |    164 |    164 |      0 |     65 |      0 |   1 |  164.0 |
       Dungeon |    164 |    164 |      0 |     65 |      0 |   1 |  164.0 |
               +--------+--------+--------+--------+--------+-----+--------+

Top non-repeatable levels by time:
       D: 164 daAuts
